 Dungeon Crawl Stone Soup version 0.30-a0-23-ge60ba3568b (webtiles) character file.

Game seed: 13903704411111260570

10857 testman the Spear-Bearer (level 11, -1/98 (102) HPs)
             Began as a Merfolk Ice Elementalist on Aug 25, 2022.
             Was an Elder of Ashenzari.
             Slain by a profane servitor
             ... wielding a +2 whip
              (12 damage)
             ... on level 11 of the Dungeon.
             The game lasted 00:57:23 (13816 turns).

testman the Spear-Bearer (MfIE)                    Turns: 13816, Time: 00:57:24

HP:   -1/98 (102)   AC:  6    Str: 10    XL:     11   Next: 68%
MP:   20/20         EV: 16    Int: 18    God:    Ashenzari [****..]
Gold: 649           SH:  0    Dex: 14    Spells: 12/23 levels left

rFire   x . .      SeeInvis +    n - +3 halberd "Restrained Liberalism" {freeze, Elem, Range} (curse)
rCold   . . .      Faith    .    (shield currently unavailable)
rNeg    + . .      Spirit   .    I - +0 steam dragon scales of Ashenzari's Anxiety {Self, Evo} (curse)
rPois   .          Reflect  .    D - +0 helmet "Yoke of Ashenzari" {Cun, Range} (curse)
rElec   .          Harm     .    (no cloak)
rCorr   +          Rampage  .    (no gloves)
Will    +....      Clarity  +    (no boots)
Stlth   ++........               (no amulet)
HPRegen 0.26/turn                f - ring of the Astrological Omen {Ice, Melee, Self} (curse)
MPRegen 0.17/turn                h - ring of the Sibylline Regret {rC- rN+ Will+ rCorr SInv, Comp, Self} (curse)

@: about to teleport, wreathed by umbra, lightly drained
A: (nimble swimmer 2), mertail
a: Renounce Religion, Curse Item, Shatter the Chains


You were on level 11 of the Dungeon.
You worshipped Ashenzari.
Ashenzari was greatly pleased with you.
You visited 1 branch of the dungeon, and saw 11 of its levels.
You visited the Abyss 1 time.

You collected 649 gold pieces.

Inventory:

Hand Weapons
 n - the cursed +3 halberd "Restrained Liberalism" (weapon) {freeze, Elem, Range}
   (You took it off a gnoll on level 2 of the Dungeon)

   It freezes those it strikes, dealing additional cold damage.
   It can also slow down cold-blooded creatures.
   It has a curse which improves the following skills: Elements: Fire Magic, Ice
   Magic, Air Magic and Earth Magic.
   Ranged Combat: Ranged Weapons and Throwing.
Missiles
 p - 13 poisoned darts
 y - 6 boomerangs
 H - a curare-tipped dart
 J - a javelin
Armour
 a - a +2 hat
 D - the cursed +0 helmet "Yoke of Ashenzari" (worn) {Cun, Range}
   (You found it on level 5 of the Dungeon)

   It has a curse which improves the following skills: Cunning: Dodging and
   Stealth.
   Ranged Combat: Ranged Weapons and Throwing.
 I - the cursed +0 steam dragon scales of Ashenzari's Anxiety (worn) {Self, Evo}
   (You found it on level 8 of the Dungeon)

   It has a curse which improves the following skills: Introspection: Fighting
   and Spellcasting.
   Evocations: Evocations.
 K - +1 steam dragon scales
Jewellery
 f - the cursed ring of the Astrological Omen (left hand) {Ice, Melee, Self}
   (You found it on level 3 of the Dungeon)

   [ring of ice]

   It enhances your ice magic.
   rF:        It makes you vulnerable to fire.
   rC:        It protects you from cold.
   It has a curse which improves the following skills: Melee Combat: Short
   Blades, Long Blades, Axes, Maces & Flails, Polearms, Staves and Unarmed
   Combat.
   Introspection: Fighting and Spellcasting.
 h - the cursed ring of the Sibylline Regret (right hand) {rC- rN+ Will+ rCorr SInv, Comp, Self}
   (You acquired it on level 5 of the Dungeon)

   [ring of willpower]

   rC:        It makes you vulnerable to cold.
   rN:        It protects you from negative energy.
   SInv:      It lets you see invisible.
   rCorr:     It protects you from acid and corrosion.
   Will:      It increases your willpower.
   It has a curse which improves the following skills: Companions: Summonings
   and Necromancy.
   Introspection: Fighting and Spellcasting.
 j - a ring of poison resistance
 q - a ring of magical power
 s - a ring of flight
 t - a ring of magical power
Wands
 d - a wand of polymorph (9)
 r - a wand of roots (11)
 M - a wand of paralysis (2)
 N - a wand of flame (13)
 Q - a wand of light (5)
Scrolls
 e - 8 scrolls of identify
 g - a scroll of teleportation
 i - 7 scrolls of fog
 k - 3 scrolls of vulnerability
 l - 3 scrolls of brand weapon
 m - a scroll of enchant weapon
 v - a scroll of magic mapping
 x - 2 scrolls of summoning
 L - 2 scrolls of fear
Potions
 b - 2 potions of magic
 c - 3 potions of curing
 o - a potion of attraction
 u - 2 potions of berserk rage
 w - a potion of brilliance
 z - 2 potions of flight
 A - a potion of ambrosia
 B - 2 potions of haste
 C - a potion of resistance
 E - a potion of mutation
 F - 4 potions of might
 G - 3 potions of heal wounds
 O - 3 potions of cancellation
Miscellaneous
 P - a phial of floods


   Skills:
 + Level 11.4(15.3) Fighting
 + Level 13.5(15.4) Polearms
 - Level 7.3(9.3) Dodging
 - Level 2.1(3.7) Stealth
 - Level 3.3(6.6) Spellcasting
 - Level 6.4 Conjurations
 - Level 6.0(7.9) Ice Magic


You had 12 spell levels left.
You knew the following spells:

 Your Spells              Type           Power      Damage    Failure   Level
a - Freeze                Ice            100%       1d11      1%          1
b - Frozen Ramparts       Ice            100%       1d16      1%          3
c - Ozocubu's Armour      Ice            51%        N/A       1%          3
d - Hailstorm             Conj/Ice       47%        3d11      6%          4

Your spell library contained the following spells:

 Spells                   Type           Power      Damage    Failure   Level
 Summon Small Mammal      Summ           24%        N/A       11%         1
 Beastly Appendage        Tmut           10%        N/A       12%         1
 Wereblood                Tmut           5%         N/A       17%         2
 Ice Form                 Ice/Tmut       30%        N/A       22%         4
 Call Canine Familiar     Summ           6%         N/A       30%         3
 Summon Guardian Golem    Hex/Summ       6%         N/A       32%         3
 Gell's Gravitas          Tloc           5%         N/A       34%         3
 Lesser Beckoning         Tloc           5%         N/A       34%         3
 Spider Form              Tmut/Pois      5%         N/A       34%         3
 Teleport Other           Tloc           5%         N/A       34%         3
 Petrify                  Tmut/Erth      6%         N/A       71%         4
 Simulacrum               Ice/Necr       15%        N/A       97%         6
 Conjure Ball Lightning   Conj/Air       8%         3x3d6     99%         6
 Iron Shot                Conj/Erth      8%         9d3       99%         6
 Discord                  Hex            2%         N/A       100%        8
 Disjunction              Tloc           2%         N/A       100%        8
 Lehudib's Crystal Spear  Conj/Erth      8%         10d4      100%        8
 Shatter                  Erth           3%         3d7*      100%        9


Dungeon Overview and Level Annotations

Branches:
Dungeon (11/15)            Temple (0/1) D:5            Lair (0/5) D:8
    Orc (0/2) D:9

Altars:
Ashenzari
Dithmenos
Gozag
Kikubaaqudgha
Sif Muna
Trog
Xom
Yredelemnul
The Shining One

Shops:
D:6 [   D:9 *:*:(

Annotations:
D:10 3 runed translucent doors, ytrimaz's ghost, novice DsFi
D:11 Sobieck's ghost, journeyman VSBe


Innate Abilities, Weirdness & Mutations

((You are very nimble when in or above water. (Stealth+, EV+, Speed+++)))
Your lower body shifts to a powerful aquatic tail in water.


Message History

A profane servitor comes into view. It is wielding a +2 whip.
Found a gateway leading out of the Abyss.
Unknown command.
The neqoxec shouts!
The neqoxec gestures at you.
Something tries to feed on your intellect!
The profane servitor hits you with a +2 whip! x2
The profane servitor attacks as you move away!
The profane servitor hits you with a +2 whip.
The profane servitor draws strength from your injuries!
The profane servitor hits you with a +2 whip.
You partially resist.
You feel drained.
There is a gateway leading out of the Abyss here.
The profane servitor hits you with a +2 whip.
The profane servitor draws strength from your injuries!
The profane servitor hits you but does no damage.
The profane servitor hits you with a +2 whip!
* * * LOW HITPOINT WARNING * * *
The profane servitor draws strength from your injuries!
The profane servitor closely misses you.
You pass through the gate.
Welcome back to the Dungeon!
Level annotation: Sobieck's ghost, journeyman VSBe
As you read the scroll of teleportation, it crumbles to dust.
You feel strangely unstable. Sobieck's ghost misses you.
The profane servitor hits you with a +2 whip!
* * * LOW HITPOINT WARNING * * *
The profane servitor draws strength from your injuries!
The profane servitor hits you with a +2 whip.
* * * LOW HITPOINT WARNING * * *
You partially resist.
You feel drained.
You feel much better.
The profane servitor hits you with a +2 whip!
* * * LOW HITPOINT WARNING * * *
The profane servitor draws strength from your injuries!
The profane servitor hits you with a +2 whip!
* * * LOW HITPOINT WARNING * * *
Sobieck's ghost barely misses you. The profane servitor barely misses you.
The profane servitor hits you with a +2 whip!
You die...

* , .....### * .......##
#######...#..###
#..............## ###### #
##...............####....# ###
#...........#'#........<.#....
##....<.....##.##............##
#..........##A..##........####
#.........##..@..##.....###
#.........#⌠.W♣..⌠#..#...##
##........##.....##..#....#
##........##...##.....#..#
##........##⌠##...#####..#
########.......###...### #..#
#..####....##.......#### #..#*
....##..#..###.....##### #...#
.....††##...######.....## #...


You could see a profane servitor and Sobieck's ghost.

Vanquished Creatures
  Gastronok (D:8)
  The ghost of siradein the Fighter, a novice DsFi (D:8)
  A two-headed ogre (D:6)
  Pikel (D:4)
  A moth of wrath (D:9)
  An ugly thing (D:10)
  Joseph (D:7)
  A gargoyle (D:10)
  Maggie (D:9)
  3 hornets
  A ynoxinul (D:8)
  A wraith (D:11)
  A yak (D:8)
  3 wyverns
  3 steam dragons
  A basilisk (D:8)
  2 vampire mosquitoes (D:11)
  2 water moccasins
  An ice beast (D:6)
  2 orc warriors
  A sky beast (D:7)
  An ogre (D:6)
  3 black bears
  5 centaurs
  A phantom (D:5)
  2 kobold brigands (D:8)
  3 bullfrogs
  2 necrophages
  3 scorpions
  7 wights
  18 killer bees
  A howler monkey (D:5)
  4 hounds
  3 jellies
  4 orc priests
  Terence (D:2)
  15 orc wizards
  4 iguanas
  11 adders
  4 gnolls (D:2)
  3 white imps
  4 worms
  33 orcs
  9 endoplasms
  4 giant cockroaches
  6 goblins
  8 hobgoblins
  4 jackals (D:5)
  11 kobolds
  3 quokkas
  12 ball pythons
  6 bats
  A frilled lizard (D:2)
  8 rats
234 creatures vanquished.

Vanquished Creatures (others)
  8 plants
8 creatures vanquished.

Grand Total: 242 creatures vanquished

Notes
Turn   | Place    | Note
-------+----------+-------------------------------------------
     0 | D:1      | testman the Merfolk Ice Elementalist began the quest for
                  | the Orb.
     0 | D:1      | Reached XP level 1. HP: 13/13 MP: 3/3
   399 | D:1      | Reached XP level 2. HP: 19/19 MP: 3/5
  1099 | D:1      | Reached XP level 3. HP: 19/24 MP: 6/6
  1103 | D:1      | Learned a level 3 spell: Frozen Ramparts
  1107 | D:1      | Learned a level 3 spell: Ozocubu's Armour
  1713 | D:2      | Reached skill level 5 in Ice Magic
  1742 | D:2      | Noticed Terence
  1748 | D:2      | Killed Terence
  1749 | D:2      | Reached XP level 4. HP: 18/30 MP: 3/8
  2602 | D:2      | Reached XP level 5. HP: 20/35 MP: 2/9
  2610 | D:2      | Reached skill level 1 in Polearms
  2894 | D:2      | Reached skill level 1 in Fighting
  3290 | D:2      | Found a faded altar of an unknown god.
  3493 | D:3      | Reached skill level 2 in Polearms
  3675 | D:3      | Reached XP level 6. HP: 29/44 MP: 10/10
  4109 | D:4      | Reached skill level 3 in Polearms
  4223 | D:4      | Noticed a black bear
  4229 | D:4      | Killed a black bear
  4230 | D:4      | Reached skill level 4 in Polearms
  4235 | D:4      | Learned a level 4 spell: Hailstorm
  4400 | D:4      | Reached XP level 7. HP: 30/53 MP: 11/11
  4775 | D:4      | Found a shimmering altar of Xom.
  4775 | D:4      | Found an ancient bone altar of Kikubaaqudgha.
  4775 | D:4      | Found a glowing golden altar of the Shining One.
  4775 | D:4      | Found a shimmering blue altar of Sif Muna.
  4778 | D:4      | Noticed Pikel
  4795 | D:4      | Killed Pikel
  4796 | D:4      | Reached skill level 5 in Polearms
  4796 | D:4      | Reached XP level 8. HP: 59/61 MP: 12/12
  4809 | D:4      | Found a broken altar of Ashenzari.
  4813 | D:4      | Found a shadowy altar of Dithmenos.
  4822 | D:4      | Became a worshipper of Ashenzari the Shackled
  4906 | D:5      | Entered Level 5 of the Dungeon
  4924 | D:5      | Reached skill level 6 in Polearms
  4959 | D:5      | Reached skill level 5 in Fighting
  5203 | D:5      | Reached * piety under Ashenzari
  5203 | D:5      | Identified a scroll of acquirement
  5252 | D:5      | Acquired the ring "Fesah" {rC- rN+ Will+ rCorr SInv}
  5342 | D:5      | Found a staircase to the Ecumenical Temple.
  5482 | D:5      | Reached skill level 7 in Polearms
  6215 | D:6      | Reached XP level 9. HP: 71/71 MP: 2/13
  6230 | D:6      | Reached ** piety under Ashenzari
  6236 | D:6      | Reached skill level 8 in Polearms
  6542 | D:6      | Noticed a two-headed ogre
  6554 | D:6      | Killed a two-headed ogre
  6569 | D:6      | Reached skill level 9 in Polearms
  6990 | D:6      | Found Cext's Armour Shop.
  7083 | D:7      | Reached skill level 5 in Conjurations
  7639 | D:7      | Noticed Joseph
  7657 | D:7      | Killed Joseph
  7658 | D:7      | Reached skill level 10 in Polearms
  7741 | D:7      | Reached XP level 10. HP: 74/81 MP: 9/14
  8925 | D:8      | Noticed siradein's ghost (novice DsFi)
  8925 | D:8      | Identified Sif Muna's Incunable of Terra Firma
  9325 | D:8      | Found a staircase to the Lair.
  9329 | D:8      | Noticed Gastronok
  9338 | D:8      | Reached skill level 11 in Polearms
  9353 | D:8      | Killed Gastronok
  9474 | D:8      | Found an opulent altar of Gozag.
  9633 | D:8      | Reached skill level 10 in Fighting
  9633 | D:8      | Reached skill level 5 in Dodging
  9887 | D:8      | Found a runed translucent door.
 10024 | D:8      | Killed siradein's ghost
 10025 | D:8      | Reached skill level 12 in Polearms
 10025 | D:8      | Reached XP level 11. HP: 62/93 MP: 11/17
 10189 | D:8      | Reached *** piety under Ashenzari
 10422 | D:9      | Found Zuhah's Book Emporium.
 10426 | D:9      | Found Ethos's Antique Weapon Boutique.
 10426 | D:9      | Noticed Maggie
 10434 | D:9      | Killed Maggie
 10688 | D:9      | Found a staircase to the Orcish Mines.
 10720 | D:9      | Found Ocitoa Amops's Book Shoppe.
 10760 | D:9      | Found Veraagemo's General Store.
 10863 | D:9      | Found Lolutoipo's General Store.
 11061 | D:9      | Paralysed by a hornet for 2 turns
 11329 | D:9      | Found a basalt altar of Yredelemnul.
 11393 | D:9      | Noticed a moth of wrath
 11396 | D:9      | Found a bloodstained altar of Trog.
 11401 | D:9      | Killed a moth of wrath
 11662 | D:10     | Entered Level 10 of the Dungeon
 11700 | D:10     | Identified the +3 falchion of Discord {holy, rElec rF+
                  | Will-}
 11745 | D:10     | Noticed a white ugly thing
 11755 | D:10     | HP: 2/98 [white ugly thing (35)]
 12267 | D:10     | Noticed an orc knight
 12269 | D:10     | Found a runed translucent gate.
 12269 | D:10     | Noticed a two-headed ogre
 12272 | D:10     | Found a runed translucent gate.
 12272 | D:10     | Noticed a shadow wraith
 12272 | D:10     | Noticed a cyclops
 12273 | D:10     | Found a runed translucent gate.
 12273 | D:10     | Noticed ytrimaz's ghost (novice DsFi)
 12321 | D:10     | Reached skill level 13 in Polearms
 12364 | D:10     | Killed a white ugly thing
 12808 | D:11     | Found a runed translucent door.
 12808 | D:11     | Noticed Sobieck's ghost (journeyman VSBe)
 12823 | D:11     | Reached **** piety under Ashenzari
 13753 | Abyss:2  | Found a corrupted altar of Lugonu.
 13753 | Abyss:2  | Cast into level 2 of the Abyss (Sobieck's ghost)
 13804 | Abyss:2  | Noticed a profane servitor
 13813 | Abyss:2  | Noticed a large abomination
 13814 | D:11     | Escaped the Abyss
 13816 | D:11     | Slain by a profane servitor

Illustrated notes

Levels and vault maps discovered:
D:1:      sevenhm_arrival_forest_fort_small_5, layout_loops_ring, serial_bayou,
          serial_bayou_pond_d, serial_bayou_pond_c, serial_bayou_crossing,
          serial_bayou_lagoon_b
D:2:      layout_basic, hellmonk_ecumenical_altar_defaced_shrine,
          chequers_serial_rivers_micro_a, uniq_terence
D:3:      layout_rooms
D:4:      layout_loops_ring, minmay_overflow_temple_hex, uniq_pikel
D:5:      layout_gridville, minmay_temple_entry_statues_fountains
D:6:      layout_loops_ring, serial_shops, nicolae_lakefront_shop,
          chequers_serial_rivers_micro_d
D:7:      layout_cave_pods, st_stairs_1, minmay_a_box_with_orc_wizards_in_it,
          uniq_joseph
D:8:      layout_loops_cross, mainiacjoe_overflow_24_doors, david_lair_generic,
          hellmonk_ghost_big_iron, uniq_gastronok
D:9:      layout_rooms, tgw_trog, marbit_many_paths, serial_shops,
          kennysheep_little_box, shop, shop, nicolae_shop_behind_doors,
          nicolae_shop_advertising_works [nicolae_subvault_shop_adworks],
          minmay_misc_feat_tiny, dreamdust_mushroom_princess, uniq_maggie
D:10:     layout_roguey, gammafunk_ghost_split
D:11:     layout_cave_pods, hellmonk_ghost_happy_afterlife

Skill      XL: |  1  2  3  4  5  6  7  8  9 10 11 |
---------------+----------------------------------+-----
Ice Magic      | 5 6 |  6.0
Spellcasting   | 3 |  3.3
Polearms       | 2 4 5 7 10 12 13 | 13.5
Fighting       | 2 3 4 6 8 10 11 | 11.4
Conjurations   | 2 3 5 6 |  6.4
Dodging        | 5 7 |  7.3
Stealth        | |  2.1

Action                   |  1- 3 |  4- 6 |  7- 9 | 10-12 || total
-------------------------+-------+-------+-------+-------++-------
Melee: Unarmed           |     6 |       |       |       ||     6
       Dagger            |    43 |    39 |       |       ||    82
       Tailslap          |     5 |       |     1 |       ||     6
       Punch             |     1 |       |       |       ||     1
       Spear             |       |    14 |       |       ||    14
       Halberd           |       |    54 |   143 |   176 ||   373
Throw: Dart              |       |       |       |     2 ||     2
 Cast: Freeze            |    21 |     6 |       |     8 ||    35
       Frozen Ramparts   |     1 |    15 |    12 |    28 ||    56
       Ozocubu's Armour  |       |     3 |    11 |    22 ||    36
       Hailstorm         |       |       |     3 |    12 ||    15
Invok: Curse Item        |       |       |     2 |     3 ||     5
  Use: Scroll            |       |     1 |     1 |     3 ||     5
       Potion            |       |       |       |     1 ||     1
 Stab: Sleeping          |     1 |     9 |     2 |     3 ||    15
       Distracted        |       |     1 |       |     1 ||     2
Armor: Robe              |     9 |    12 |    29 |     1 ||    51
       Steam dragon scal |       |       |       |    31 ||    31
Dodge: Dodged            |    44 |    53 |    60 |    90 ||   247

Table legend: (Time is in decaauts)
 A = Elapsed time spent in this place.
 B = Non-inter-level travel time spent in this place.
 C = Inter-level travel time spent in this place.
 D = Time resting spent in this place.
 E = Time spent auto-exploring this place.
 F = Levels seen in this place.
 G = Mean time per level.
                   A        B        C        D        E       F      G
               +--------+--------+--------+--------+--------+-----+--------+
         Total |  13814 |  13413 |    401 |   1919 |   9772 |  12 | 1151.2 |
       Dungeon |  13753 |  13352 |    401 |   1919 |   9772 |  11 | 1250.3 |
         Abyss |     60 |     60 |      0 |      0 |      0 |   1 |   60.0 |
               +--------+--------+--------+--------+--------+-----+--------+

Top non-repeatable levels by time:
     D:9: 1726 daAuts
     D:2: 1709 daAuts
     D:7: 1704 daAuts
     D:1: 1651 daAuts
     D:6: 1547 daAuts
     D:8: 1437 daAuts
    D:10: 925 daAuts
     D:4: 813 daAuts
    D:11: 797 daAuts
     D:5: 744 daAuts
     D:3: 696 daAuts
 Abyss:2: 60 daAuts
